 Dungeon Crawl Stone Soup version 0.24.1-8-ga250c9d538 (webtiles) character file.

Game seed: 16322020211726003803, levelgen mode: deterministic

1074 Hugehornet the Insei (level 8, 0/48 HPs)
             Began as an Octopode Transmuter on May 2, 2020.
             Was an Initiate of Cheibriados.
             Slain by a wyvern zombie (15 damage)
             ... on level 5 of the Dungeon.
             The game lasted 00:15:55 (6468 turns).

Hugehornet the Insei (Octopode Transmuter)          Turns: 6468, Time: 00:15:55

Health: 0/48       AC:  1    Str: 10    XL:     8   Next: 29%
Magic:  11/11      EV: 17    Int: 18    God:    Cheibriados [......]
Gold:   141        SH:  0    Dex: 14    Spells: 5/11 levels left

rFire    . . .     SeeInvis .     - Unarmed
rCold    . . .     Gourm    .   (no shield)
rNeg     . . .     Faith    .   (helmet restricted)
rPois    .         Spirit   .   (no amulet)
rElec    .         Reflect  .   d - +4 ring of evasion
rCorr    .         Harm     .   (no ring)
MR       .....                  (no ring)
Stlth    ++........             (no ring)
HPRegen  0.16/turn              (no ring)
MPRegen  0.12/turn              (no ring)
                                (no ring)
                                (no ring)

@: appendage (expiring), very slow
A: almost no armour, stealthy swim, amphibious, 8 rings, constrict 8, tentacle
spike 3, camouflage 1, gelatinous body 1
a: End Transformation, Bend Time, Renounce Religion


You were on level 5 of the Dungeon.
You worshipped Cheibriados.
Cheibriados was noncommittal.
You were not hungry.
One of your tentacles had a temporary spike.
You visited 1 branch of the dungeon, and saw 5 of its levels.
You also visited: Sewer and Ossuary.

You collected 225 gold pieces.
You spent 84 gold pieces at shops.

Inventory:

Missiles
 a - 42 arrows
Jewellery
 d - a +4 ring of evasion (left tentacle)
Scrolls
 g - 3 scrolls of blinking
 i - a scroll of remove curse
 p - 3 scrolls of teleportation
Potions
 b - 2 potions of flight
 e - 3 potions of curing
 f - 2 potions of degeneration {unknown}
 h - 4 potions of lignification
 j - a potion of berserk rage {unknown}
 k - 4 potions of brilliance
 m - a potion of agility {unknown}
 n - 2 potions of haste {unknown}
 o - 2 potions of heal wounds {unknown}
 r - 2 potions of mutation {unknown}
 s - a potion of invisibility {unknown}
Comestibles
 c - 5 rations
 l - 3 chunks of flesh


   Skills:
 - Level 1.0 Fighting
 - Level 2.0 Dodging
 * Level 7.6 Unarmed Combat
 - Level 2.0 Spellcasting
 + Level 6.3 Transmutations
 - Level 2.0 Poison Magic


You had 5 spell levels left.
You knew the following spells:

 Your Spells              Type           Power        Failure   Level  Hunger
a - Beastly Appendage     Tmut           ###...       1%          1    #......
b - Sticks to Snakes      Tmut           ###.....     1%          2    ###....
c - Spider Form           Tmut/Pois      ###.......   10%         3    ###....

Your spell library contained the following spells:

 Spells                   Type           Power        Failure   Level  Hunger
 Blade Hands              Tmut           ###.......   36%         5    ######.
 Ice Form                 Ice/Tmut       ##......     43%         4    #####..


Dungeon Overview and Level Annotations

Branches:
Dungeon (5/15)              Sewer (visited)         Ossuary (visited)
 Temple: D:4-7

Altars:
Cheibriados
Kikubaaqudgha
Okawaru
Qazlal
Ru
Yredelemnul
Lugonu

Shops:
D:4 *

Portals:
Abyss: D:1


Innate Abilities, Weirdness & Mutations

You cannot wear most types of armour.
You are very stealthy in the water. (Stealth+)
You are amphibious.
You can wear up to eight rings at the same time.
You can use your tentacles to constrict eight enemies at once.
Your skin changes colour to match your surroundings (Stealth+).
Your rubbery body absorbs attacks. (AC +1, EV +1)
One of your tentacles bears a large vicious spike.


Message History

You barely miss the wyvern zombie.
The wyvern zombie is severely damaged.
The wyvern zombie bites you.
You tentacle-slap the wyvern zombie but do no damage.
You pierce the wyvern zombie.
You tentacle-slap the wyvern zombie, but do no damage.
The wyvern zombie is severely damaged.
The wyvern zombie closely misses you.
You tentacle-slap the wyvern zombie but do no damage.
Your tentacle-slap misses the wyvern zombie.
The wyvern zombie is severely damaged.
The wyvern zombie bites you.
You bludgeon the wyvern zombie! Your squeeze misses the wyvern zombie.
The wyvern zombie is almost destroyed.
Your transformation is almost over.
The wyvern zombie bites you. The wyvern zombie closely misses you.
You tentacle-slap the wyvern zombie.
The wyvern zombie is almost destroyed.
The wyvern zombie bites you!
You die...

# ### #.##.#
#...# #.##.# .
###.#.# #.##.#
#. Z. .<.#
#.##.# #.. #.
#.####.##.#
#... #.
#.[.......#
.....
#.###.####.###.
#....#####....#
#.# #.
#.Z@.....#.#
#.# #.
#..)########.#
#.# #. .....
#.# #.# #. ###.
#.# #.# #. #
#.# #.# #. ..#
#.# #. ## #.#
#. #.
##############
##


You could see a wyvern zombie.

Vanquished Creatures
  A sky beast (D:5)
  A phantom (D:4)
  An ogre (D:4)
  A centaur (D:4)
  2 bullfrogs (Sewer)
  2 water moccasin zombies (Ossuary)
  A howler monkey (D:4)
  Jessica (D:3)
  Ijyb (D:5)
  2 iguanas (D:4)
  An orc wizard (D:3)
  3 big kobold zombies (Ossuary)
  A hound skeleton (D:4)
  3 mummies
  Robin (D:3)
  10 adders
  2 adder skeletons (D:3)
  2 adder zombies
  5 worms
  2 dart slugs
  A leopard gecko (Sewer)
  5 orcs
  5 ball pythons
  8 bats
  7 giant cockroaches
  6 hobgoblins
  2 quokkas
  14 frilled lizards
  2 gnoll zombies (Ossuary)
  23 goblins
  5 hobgoblin zombies (Ossuary)
  9 kobolds
  11 kobold zombies (Ossuary)
  A leopard gecko skeleton (D:3)
  A leopard gecko zombie (D:3)
  9 orc zombies (Ossuary)
  4 rats
156 creatures vanquished.

Notes
Turn   | Place    | Note
-------+----------+-------------------------------------------
     0 | D:1      | Hugehornet the Octopode Transmuter began the quest for the
                  | Orb.
     0 | D:1      | Reached XP level 1. HP: 13/13 MP: 3/3
   209 | D:1      | Reached XP level 2. HP: 17/18 MP: 3/5
   739 | D:1      | Found a one-way gate to the infinite horrors of the Abyss.
   739 | D:1      | Found a corrupted altar of Lugonu.
   739 | D:1      | Noticed a demonic crawler
   862 | D:1      | Reached XP level 3. HP: 21/23 MP: 4/6
  1168 | D:2      | Learned a level 2 spell: Sticks to Snakes
  1172 | D:2      | Learned a level 3 spell: Spider Form
  1295 | D:2      | Reached XP level 4. HP: 19/28 MP: 5/7
  1553 | D:2      | Reached skill level 1 in Poison Magic
  1806 | D:2      | Found a faded altar of an unknown god.
  1844 | D:2      | Found a stormy altar of Qazlal.
  1899 | D:2      | Found an iron altar of Okawaru.
  2423 | D:3      | Noticed Jessica
  2433 | D:3      | Killed Jessica
  2433 | D:3      | Reached XP level 5. HP: 13/33 MP: 1/8
  2519 | D:3      | Found a glowing drain.
  2686 | Sewer    | Entered a sewer
  2908 | Sewer    | Reached skill level 5 in Transmutations
  3320 | Sewer    | Reached skill level 4 in Unarmed Combat
  3320 | Sewer    | Reached XP level 6. HP: 38/38 MP: 7/9
  3613 | D:3      | Found a basalt altar of Yredelemnul.
  3803 | D:3      | Found an ancient bone altar of Kikubaaqudgha.
  3806 | D:3      | Noticed Robin
  3861 | D:3      | Killed Robin
  3935 | D:3      | Reached skill level 5 in Unarmed Combat
  4430 | D:4      | Found Hishofus's General Store.
  4438 | D:4      | Bought 2 potions of curing for 84 gold pieces
  4533 | D:4      | Reached XP level 7. HP: 43/43 MP: 6/10
  4599 | D:4      | Found a sacrificial altar of Ru.
  4653 | D:4      | Found a sand-covered staircase.
  4667 | D:4      | Reached skill level 6 in Unarmed Combat
  4669 | Ossuary  | Entered an ossuary
  5828 | D:4      | Reached skill level 7 in Unarmed Combat
  5828 | D:4      | Reached XP level 8. HP: 45/48 MP: 5/11
  6332 | D:5      | Entered Level 5 of the Dungeon
  6332 | D:5      | Found a snail-covered altar of Cheibriados.
  6332 | D:5      | Noticed Ijyb
  6338 | D:5      | Killed Ijyb
  6348 | D:5      | Became a worshipper of Cheibriados the Contemplative
  6468 | D:5      | Slain by a wyvern zombie

Levels and vault maps discovered:
D:1:      erik_arrival_cave_to_civilisation [erik_arrival_cave_to_temple],
          layout_loops_ring, chequers_serial_rivers_small_a
D:2:      layout_loops_ring, nicolae_overflow_crystal_walls,
          chequers_ecumenical_altar_simple, corexii_corridor_pit,
          okawaru_trees_2
D:3:      layout_rooms, nicolae_overflow_hidden_temple,
          lemuel_coloured_pillars_altar, cheibrodos_sewer_entry_sluice,
          serial_undead, serial_undead_a, serial_undead_c, serial_undead_f,
          serial_undead_f, uniq_robin, uniq_jessica
D:4:      layout_basic, hangedman_ru_absence, serial_shops,
          nicolae_shop_crystal, first_ration, gup_ossuary_entry_pyramid
D:5:      layout_loops_ring, minmay_temple_entry_statues_pillars,
          cheibriados_altar_1, uniq_menkaure, uniq_ijyb, uniq_eustachio,
          uniq_grinder

Skill      XL: |  1  2  3  4  5  6  7 |
---------------+----------------------+-----
Transmutations | 3 4 5 6 |  6.3
Poison Magic   | 1 2 |  2.0
Unarmed Combat | 4 5 7 |  7.6
Fighting       | |  1.0
Dodging        | |  2.0
Spellcasting   | |  2.0

Action                   |  1- 3 |  4- 6 |  7- 9 || total
-------------------------+-------+-------+-------++-------
Melee: Unarmed           |    77 |   186 |   176 ||   439
       Constrict         |    19 |    31 |    40 ||    90
       Kick              |    16 |    29 |    45 ||    90
       Tentacles         |     5 |    20 |    22 ||    47
       Punch             |       |     5 |     5 ||    10
 Cast: Beastly Appendage |    27 |    30 |    17 ||    74
       Spider Form       |       |     5 |     4 ||     9
       Sticks to Snakes  |       |       |     2 ||     2
  Use: Scroll            |       |     7 |     2 ||     9
       Potion            |       |     4 |     2 ||     6
 Stab: Sleeping          |     4 |     2 |     2 ||     8
  Eat: Chunk             |     2 |    10 |     2 ||    14
       Ration            |       |       |     2 ||     2
Armor: Skin              |     9 |    20 |     5 ||    34
Dodge: Dodged            |    53 |   139 |    83 ||   275
